3R
GREENPORT HARBOR WHALES @ CANONNIERS DE QUEBEC
09/12/2039
 
TOP OF THE 1ST
Greenport Harbor Whales batting - Pitching for Canonniers de Quebec : LHP Tom Woods
Pitching: LHP Tom Woods
Batting: RHB Kazuki Takahashi 0-0: Ball
1-0: Ball
2-0: Ball
3-0: Base on Balls
Batting: SHB Koryusai Ohayashi 0-0: Swinging Strike
0-1: Ball
1-1: Ball
2-1: Foul Ball, location: 2F
2-2: Foul Ball, location: 2F
2-2: Ball
3-2: Ground out 1-3 (Groundball, 13, EV 86.9 MPH)
Kazuki Takahashi to second
Batting: RHB Ángel Saelices 0-0: Ball
1-0: Foul Ball, location: 2F
1-1: Foul Ball, location: 2F
1-2: Foul Ball, location: 2F
1-2: SINGLE (Line Drive, 7S, EV 91.9 MPH)
Kazuki Takahashi to third
Runner from 3rd tries for Home, SAFE, no throw by LF
Batting: LHB Huibrecht Bloemheuvel 0-0: Ball
1-0: SINGLE (Line Drive, 9S, EV 91.2 MPH)
Ángel Saelices to second
Runner from 2nd tries for 3rd, SAFE, no throw by RF
Batting: LHB Ronald Lithgoe 0-0: Ball
1-0: Swinging Strike
1-1: Ball
2-1: Fly out, F9 (Flyball, 9LM, EV 78.1 MPH)
Runner from 3rd tags up, OUT at HOME! 9-2
Top of the 1st over - 1 run, 2 hits, 0 errors, 1 left on base; Greenport 1 - Canonniers de Quebec 0
BOTTOM OF THE 1ST
Canonniers de Quebec batting - Pitching for Greenport Harbor Whales : RHP Nicolaas Eland
Pitching: RHP Nicolaas Eland
Batting: RHB Tsugumichi Sato 0-0: Foul Ball, location: 2F
0-1: Ball
1-1: Called Strike
1-2: Ground out 4-3 (Groundball, 4, EV 106.2 MPH)
Batting: RHB José Cintrón 0-0: Called Strike
0-1: Bunted foul
0-2: Ball
1-2: Strikes out looking
Batting: LHB Steve Burnett 0-0: Ground out U3 (Groundball, 34, EV 102.5 MPH)
Bottom of the 1st over - 0 runs, 0 hits, 0 errors, 0 left on base; Greenport 1 - Canonniers de Quebec 0
TOP OF THE 2ND
Greenport Harbor Whales batting - Pitching for Canonniers de Quebec : LHP Tom Woods
Batting: RHB Mark Quaintance 0-0: Foul Ball, location: 2F
0-1: Foul Ball, location: 2F
0-2: Ball
1-2: Ball
2-2: Ball
3-2: Strikes out swinging
Batting: LHB Ricardo Águila 0-0: Ball
1-0: Foul Ball, location: 2F
1-1: Bunted foul
1-2: Fly out, F8 (Flyball, 8LM, EV 81.2 MPH)
Batting: RHB Pleun Vleugel 0-0: Ball
1-0: Ball
2-0: Fly out, F7 (Flyball, 7LMF, EV 89.4 MPH)
Top of the 2nd over - 0 runs, 0 hits, 0 errors, 0 left on base; Greenport 1 - Canonniers de Quebec 0
BOTTOM OF THE 2ND
Canonniers de Quebec batting - Pitching for Greenport Harbor Whales : RHP Nicolaas Eland
Batting: RHB Dave Curtis 0-0: Swinging Strike
0-1: Called Strike
0-2: Ball
1-2: Ball
2-2: Ground out 5-3 (Groundball, 56S, EV 63.1 MPH)
Batting: RHB Boyd Tholen 0-0: Ball
1-0: Ball
2-0: Ground out 1-3 (Groundball, 34S, EV 79.4 MPH)
Batting: SHB Geoffrey Richardson 0-0: Fly out, F9 (Line Drive, 9, EV 98.8 MPH)
Bottom of the 2nd over - 0 runs, 0 hits, 0 errors, 0 left on base; Greenport 1 - Canonniers de Quebec 0
TOP OF THE 3RD
Greenport Harbor Whales batting - Pitching for Canonniers de Quebec : LHP Tom Woods
Batting: RHB Greg Howard 0-0: Ball
1-0: Foul Ball, location: 2F
1-1: Swinging Strike
1-2: Ball
2-2: Foul Ball, location: 2F
2-2: Strikes out swinging
Batting: RHB Kazuki Takahashi 0-0: Swinging Strike
0-1: Swinging Strike
0-2: Ball
1-2: Strikes out looking
Batting: SHB Koryusai Ohayashi 0-0: Foul Ball, location: 2F
0-1: Ball
1-1: Swinging Strike
1-2: Foul Ball, location: 2F
1-2: Ground out 5-3 (Groundball, 5D, EV 108.1 MPH)
Top of the 3rd over - 0 runs, 0 hits, 0 errors, 0 left on base; Greenport 1 - Canonniers de Quebec 0
BOTTOM OF THE 3RD
Canonniers de Quebec batting - Pitching for Greenport Harbor Whales : RHP Nicolaas Eland
Batting: RHB Cameron Loverock 0-0: Ball
1-0: Ball
2-0: Foul Ball, location: 2F
2-1: Ball
3-1: Called Strike
3-2: Foul Ball, location: 2F
3-2: Strikes out looking
Batting: RHB Nick West 0-0: Ball
1-0: Foul Ball, location: 2F
1-1: Ball
2-1: DOUBLE (Line Drive, 9LM, EV 99.4 MPH)
Batting: SHB Ed Reese 0-0: Called Strike
0-1: Ball
1-1: Fly out, F8 (Flyball, 8RXD, EV 97.5 MPH)
Runner from 2nd tags up, SAFE at 3rd, no throw by CF
Batting: RHB Tsugumichi Sato 0-0: Ground out 6-3 (Groundball, 6, EV 85.6 MPH)
Bottom of the 3rd over - 0 runs, 1 hit, 0 errors, 1 left on base; Greenport 1 - Canonniers de Quebec 0
TOP OF THE 4TH
Greenport Harbor Whales batting - Pitching for Canonniers de Quebec : LHP Tom Woods
Batting: RHB Ángel Saelices 0-0: Ground out 6-3 (Groundball, 6, EV 89.4 MPH)
Batting: LHB Huibrecht Bloemheuvel 0-0: Ball
1-0: Ball
2-0: Called Strike
2-1: Ground out 4-3 (Groundball, 4, EV 106.2 MPH)
Batting: LHB Ronald Lithgoe 0-0: Ball
1-0: Ball
2-0: Fly out, F8 (Flyball, 8LM, EV 76.2 MPH)
Top of the 4th over - 0 runs, 0 hits, 0 errors, 0 left on base; Greenport 1 - Canonniers de Quebec 0
BOTTOM OF THE 4TH
Canonniers de Quebec batting - Pitching for Greenport Harbor Whales : RHP Nicolaas Eland
Batting: RHB José Cintrón 0-0: Called Strike
0-1: Ground out 1-3 (Groundball, 23, EV 76.9 MPH)
Batting: LHB Steve Burnett 0-0: Foul Ball, location: 2F
0-1: Swinging Strike
0-2: Ball
1-2: Ball
2-2: Strikes out swinging
Batting: RHB Dave Curtis 0-0: Ball
1-0: SINGLE (Groundball, 5, EV 100.0 MPH) (infield hit)
Batting: RHB Boyd Tholen 0-0: Ball
1-0: Swinging Strike
1-1: Foul Ball, location: 2F
1-2: Ball
2-2: Foul Ball, location: 2F
2-2: Foul Ball, location: 2F
2-2: Foul Ball, location: 2F
2-2: Ball
3-2: Ground out 6-3 (Groundball, 6, EV 85.0 MPH)
Bottom of the 4th over - 0 runs, 1 hit, 0 errors, 1 left on base; Greenport 1 - Canonniers de Quebec 0
TOP OF THE 5TH
Greenport Harbor Whales batting - Pitching for Canonniers de Quebec : LHP Tom Woods
Batting: RHB Mark Quaintance 0-0: Ball
1-0: Ball
2-0: Foul Ball, location: 2F
2-1: Foul Ball, location: 2F
2-2: Ground out 5-3 (Groundball, 5L, EV 81.2 MPH)
Batting: LHB Ricardo Águila 0-0: Fly out, F5 (Popup, 56S, EV 83.8 MPH)
Batting: RHB Pleun Vleugel 0-0: Called Strike
0-1: Ball
1-1: Ball
2-1: Foul Ball, location: 2F
2-2: Hit by Pitch
Batting: RHB Greg Howard 0-0: Ground out 6-3 (Groundball, 6MS, EV 91.9 MPH)
Top of the 5th over - 0 runs, 0 hits, 0 errors, 1 left on base; Greenport 1 - Canonniers de Quebec 0
BOTTOM OF THE 5TH
Canonniers de Quebec batting - Pitching for Greenport Harbor Whales : RHP Nicolaas Eland
Batting: SHB Geoffrey Richardson 0-0: Called Strike
0-1: Swinging Strike
0-2: Foul Ball, location: 2F
0-2: DOUBLE (Line Drive, 78M, EV 110.6 MPH)
Batting: RHB Cameron Loverock 0-0: Called Strike
0-1: Foul Ball, location: 2F
0-2: Ball
1-2: Strikes out swinging
Batting: RHB Nick West 0-0: Ball
1-0: Foul Ball, location: 2F
1-1: Ball
2-1: Called Strike
2-2: Strikes out swinging
Batting: SHB Ed Reese 0-0: Ball
1-0: Called Strike
1-1: Fly out, F8 (Flyball, 78M, EV 87.5 MPH)
Bottom of the 5th over - 0 runs, 1 hit, 0 errors, 1 left on base; Greenport 1 - Canonniers de Quebec 0
TOP OF THE 6TH
Greenport Harbor Whales batting - Pitching for Canonniers de Quebec : LHP Tom Woods
Batting: RHB Kazuki Takahashi 0-0: Ball
1-0: Ball
2-0: Called Strike
2-1: Fly out, F8 (Flyball, 8RXD, EV 99.4 MPH)
Batting: SHB Koryusai Ohayashi 0-0: Called Strike
0-1: Swinging Strike
0-2: Ball
1-2: Foul Ball, location: 2F
1-2: Foul Ball, location: 2F
1-2: Strikes out swinging
Batting: RHB Ángel Saelices 0-0: Ball
1-0: Swinging Strike
1-1: Ball
2-1: Swinging Strike
2-2: Foul Ball, location: 2F
2-2: Ball
3-2: Strikes out swinging
Top of the 6th over - 0 runs, 0 hits, 0 errors, 0 left on base; Greenport 1 - Canonniers de Quebec 0
BOTTOM OF THE 6TH
Canonniers de Quebec batting - Pitching for Greenport Harbor Whales : RHP Nicolaas Eland
Batting: RHB Tsugumichi Sato 0-0: SINGLE (Flyball, 7LS, EV 92.5 MPH)
Batting: RHB José Cintrón 0-0: Sac Bunt to 15 - play at first, batter OUT! 1-3
Tsugumichi Sato to second
Batting: LHB Steve Burnett 0-0: Called Strike
0-1: Ground out 6-3 (Groundball, 6, EV 90.6 MPH)
Tsugumichi Sato to third
Batting: RHB Dave Curtis 0-0: Called Strike
0-1: Ball
1-1: Called Strike
1-2: Foul Ball, location: 2F
1-2: Foul Ball, location: 2F
1-2: Ball
2-2: Foul Ball, location: 2F
2-2: Foul Ball, location: 2F
2-2: Ground out 2-3 (Groundball, 2R, EV 68.8 MPH)
Bottom of the 6th over - 0 runs, 1 hit, 0 errors, 1 left on base; Greenport 1 - Canonniers de Quebec 0
TOP OF THE 7TH
Greenport Harbor Whales batting - Pitching for Canonniers de Quebec : LHP Tom Woods
Batting: LHB Huibrecht Bloemheuvel 0-0: Called Strike
0-1: Ball
1-1: Foul Ball, location: 2F
1-2: Ball
2-2: Foul Ball, location: 2F
2-2: Fly out, F7 (Flyball, 78M, EV 88.8 MPH)
Batting: LHB Ronald Lithgoe 0-0: Ball
1-0: Called Strike
1-1: Fly out, F8 (Flyball, 8LD, EV 107.5 MPH)
Batting: RHB Mark Quaintance 0-0: Ball
1-0: Ball
2-0: Swinging Strike
2-1: Ball
3-1: Base on Balls
Batting: LHB Ricardo Águila 0-0: Fielders Choice at 2nd, 6-4 (Groundball, 6, EV 86.2 MPH)
Top of the 7th over - 0 runs, 0 hits, 0 errors, 1 left on base; Greenport 1 - Canonniers de Quebec 0
BOTTOM OF THE 7TH
Canonniers de Quebec batting - Pitching for Greenport Harbor Whales : RHP Nicolaas Eland
Batting: RHB Boyd Tholen 0-0: Ball
1-0: Fly out, F9 (Flyball, 9D, EV 105.0 MPH)
Batting: SHB Geoffrey Richardson 0-0: Called Strike
0-1: Ball
1-1: Foul Ball, location: 2F
1-2: SINGLE (Groundball, 34, EV 95.0 MPH) (infield hit)
Batting: RHB Cameron Loverock 0-0: Called Strike
0-1: Swinging Strike
0-2: Strikes out swinging
Batting: RHB Nick West 0-0: Ball
1-0: Fielders Choice at 2nd, 5-4 (Groundball, 5, EV 79.4 MPH)
Bottom of the 7th over - 0 runs, 1 hit, 0 errors, 1 left on base; Greenport 1 - Canonniers de Quebec 0
TOP OF THE 8TH
Greenport Harbor Whales batting - Pitching for Canonniers de Quebec : LHP Tom Woods
Batting: RHB Pleun Vleugel 0-0: Called Strike
0-1: Foul Ball, location: 2F
0-2: Ball
1-2: Strikes out swinging
Batting: RHB Greg Howard 0-0: Called Strike
0-1: Ball
1-1: Ball
2-1: Foul Ball, location: 2F
2-2: Foul Ball, location: 2F
2-2: Strikes out looking
Batting: RHB Kazuki Takahashi 0-0: Hit by Pitch
Pitching: RHP Colby Graham
Batting: SHB Koryusai Ohayashi 0-0: Called Strike
0-1: Swinging Strike
0-2: Ball
1-2: Foul Ball, location: 2F
1-2: Ball
Wild Pitch!
Kazuki Takahashi to second
2-2: Ball
3-2: Foul Ball, location: 2F
3-2: Base on Balls
Batting: RHB Ángel Saelices 0-0: Fly out, F8 (Flyball, 8RS, EV 83.1 MPH)
Top of the 8th over - 0 runs, 0 hits, 0 errors, 2 left on base; Greenport 1 - Canonniers de Quebec 0
BOTTOM OF THE 8TH
Canonniers de Quebec batting - Pitching for Greenport Harbor Whales : RHP Nicolaas Eland
Batting: SHB Ed Reese 0-0: Swinging Strike
0-1: Swinging Strike
0-2: Ball
1-2: Strikes out looking
Pitching: RHP Miguel Bruno
Batting: RHB Tsugumichi Sato 0-0: Called Strike
0-1: Fly out, F3 (Line Drive, 3, EV 63.1 MPH)
Batting: RHB José Cintrón 0-0: Ball
1-0: Swinging Strike
1-1: Ball
2-1: Foul Ball, location: 2F
2-2: Foul Ball, location: 2F
2-2: Ball
3-2: Foul Ball, location: 2F
3-2: Strikes out swinging
Bottom of the 8th over - 0 runs, 0 hits, 0 errors, 0 left on base; Greenport 1 - Canonniers de Quebec 0
TOP OF THE 9TH
Greenport Harbor Whales batting - Pitching for Canonniers de Quebec : RHP Colby Graham
Pitching: LHP Errol Young
Batting: LHB Huibrecht Bloemheuvel 0-0: Called Strike
0-1: Foul Ball, location: 2F
0-2: Ball
1-2: Ball
2-2: Foul Ball, location: 2F
2-2: SOLO HOME RUN (Flyball, 9D, EV 100.6 MPH), Distance : 370 ft
Batting: LHB Ronald Lithgoe 0-0: Ball
1-0: Ground out 6-3 (Groundball, 6, EV 99.4 MPH)
Batting: RHB Mark Quaintance 0-0: Called Strike
0-1: Fly out, F6 (Line Drive, 6, EV 72.5 MPH)
Batting: LHB Ricardo Águila 0-0: Called Strike
0-1: Called Strike
0-2: Foul Ball, location: 2F
0-2: Ball
1-2: Strikes out swinging
Top of the 9th over - 1 run, 1 hit, 0 errors, 0 left on base; Greenport 2 - Canonniers de Quebec 0
BOTTOM OF THE 9TH
Canonniers de Quebec batting - Pitching for Greenport Harbor Whales : RHP Miguel Bruno
Now at 3B: John Ratzlaff
Batting: LHB Steve Burnett 0-0: Foul Ball, location: 2F
0-1: Ball
1-1: Foul Ball, location: 2F
1-2: Strikes out swinging
Batting: RHB Dave Curtis 0-0: Fly out, F8 (Flyball, 8RD, EV 107.5 MPH)
Batting: RHB Boyd Tholen 0-0: Fly out, F3 (Popup, 3SF, EV 68.1 MPH)
Bottom of the 9th over - 0 runs, 0 hits, 0 errors, 0 left on base; Greenport 2 - Canonniers de Quebec 0
Wednesday, July 8th, 2020 - OOTP Baseball 20.8 Build 74